 Dungeon Crawl Stone Soup version 0.25.1-2-g60ff931df9 (webtiles) character file.

Game seed: 5557433359394952641

11629 charpy the Zephyrmancer (level 11, -1/83 HPs)
             Began as a White Draconian Air Elementalist on Sept 5, 2020.
             Was a Priest of Vehumet.
             Slain by a blink frog (15 damage)
             ... on level 8 of the Dungeon on Oct 10, 2020.
             The game lasted 01:41:57 (16753 turns).

charpy the Zephyrmancer (DrAE)                     Turns: 16753, Time: 01:41:58

Health: -1/83      AC: 13    Str: 10    XL:     11   Next: 51%
Magic:  6/23       EV: 13    Int: 24    God:    Vehumet [***...]
Gold:   619        SH:  0    Dex: 13    Spells: 8/27 levels left

rFire    . . .     SeeInvis +   y - +2 flail (vorpal)
rCold    + . .     Gourm    .   (no shield)
rNeg     . . .     Faith    .   (armour unavailable)
rPois    .         Spirit   .   (helmet restricted)
rElec    .         Reflect  .   H - +2 cloak
rCorr    .         Harm     .   (no gloves)
MR       .....                  r - +2 pair of boots
Stlth    ++........             (no amulet)
HPRegen  0.23/turn              k - +6 ring of intelligence
MPRegen  0.18/turn              w - ring of see invisible

@: berserk cooldown, slowed, very slow
A: breathe frost, unfitting armour, cold resistance 1, cold-blooded, AC +7
a: Breathe Frost, Renounce Religion


You were on level 8 of the Dungeon.
You worshipped Vehumet.
Vehumet was most pleased with you.
You were not hungry.

You visited 3 branches of the dungeon, and saw 13 of its levels.

You collected 684 gold pieces.
You spent 65 gold pieces at shops.

Inventory:

Hand Weapons
 y - a +2 vorpal flail (weapon)
Missiles
 c - 25 javelins
 g - 314 stones
 j - 74 poisoned darts (quivered)
 s - 3 throwing nets
Armour
 r - a +2 pair of boots (worn)
 H - a +2 cloak (worn)
Magical Staves
 v - an uncursed staff of poison
 D - an uncursed staff of death
Jewellery
 k - a +6 ring of intelligence (left hand)
 u - an uncursed ring of protection from magic
 w - a ring of see invisible (right hand)
 C - an uncursed ring of wizardry
 J - an uncursed ring of ice
Wands
 e - a wand of acid (25)
Scrolls
 a - 3 scrolls of amnesia
 d - 3 scrolls of blinking
 f - 3 scrolls of fog
 h - a scroll of enchant weapon
 p - 7 scrolls of teleportation
 z - a scroll of remove curse
 A - a scroll of holy word
 B - a scroll of summoning
 E - 2 scrolls of enchant armour
 F - a scroll of brand weapon {unknown}
 I - a scroll of fear
Potions
 i - 6 potions of stabbing
 l - 2 potions of berserk rage
 m - 2 potions of brilliance {unknown}
 n - a potion of haste {unknown}
 o - 5 potions of curing {unknown}
 q - a potion of flight {unknown}
 t - 3 potions of heal wounds
 x - a potion of resistance {unknown}
 G - a potion of mutation {unknown}
 L - a potion of degeneration {unknown}
Miscellaneous
 K - a box of beasts
Comestibles
 b - 20 rations


   Skills:
 * Level 3.9 Fighting
 * Level 3.4 Maces & Flails
 - Level 3.0 Dodging
 - Level 3.0 Stealth
 + Level 8.7 Spellcasting
 + Level 9.0 Conjurations
 - Level 6.0 Ice Magic
 + Level 9.7 Air Magic
 - Level 4.0 Poison Magic
 * Level 2.7 Evocations


You had 8 spell levels left.
You knew the following spells:

 Your Spells              Type           Power        Failure   Level  Hunger
a - Shock                 Conj/Air       ####         1%          1    None
b - Swiftness             Chrm/Air       ####....     1%          2    None
c - Static Discharge      Conj/Air       ######..     1%          3    None
d - Airstrike             Air            ######....   1%          4    ##.....
e - Lightning Bolt        Conj/Air       ######....   1%          5    ####...
f - Freeze                Ice            ####         1%          1    None
g - Mephitic Cloud        Conj/Pois/Air  #####...     1%          3    None

Your spell library contained the following spells:

 Spells                   Type           Power        Failure   Level  Hunger
 Inner Flame              Hex/Fire       ##......     5%          3    None
 Poisonous Vapours        Pois/Air       #####.       1%          2    None
 Sting                    Tmut/Pois      ###.         2%          1    None
 Ignite Poison            Fire/Tmut/Pois ###.....     3%          3    None
 Olgreb's Toxic Radiance  Pois           ####....     3%          4    ##.....
 Alistair's Intoxication  Tmut/Pois      ###.....     58%         5    ####...
 Statue Form              Tmut/Erth      ##.......    100%        6    ######.


Dungeon Overview and Level Annotations

Branches:
Dungeon (11/15)            Temple (1/1) D:7            Lair (1/6) D:8
    Orc (0/2) D:10

Altars:
Ashenzari
Cheibriados
Dithmenos
Elyvilon
Fedhas
Gozag
Hepliaklqana
Kikubaaqudgha
Makhleb
Nemelex Xobeh
Okawaru
Qazlal
Ru
Sif Muna
Trog
Uskayaw
Vehumet
Wu Jian
Xom
Yredelemnul
Zin
The Shining One

Shops:
D:7 *   D:9 %

Annotations:
D:8 1 runed translucent door, exclusion: door, lorenzova's ghost, novice DECj


Innate Abilities, Weirdness & Mutations

You can breathe waves of freezing cold.
You can buffet flying creatures when you breathe cold.
Your icy white scales are hard. (AC +7)
You cannot fit into any form of body armour.
Your flesh is cold resistant. (rC+)
You are cold-blooded and may be slowed by cold attacks.


Message History

The blink frog is heavily wounded.
The blink frog blinks!
You feel a strong urge to attack something.
The blink frog hits you.
* * * LOW HITPOINT WARNING * * *
The blink frog barely misses you.
You are no longer berserk.
You are exhausted.
You feel yourself slow down. The blink frog hits you.
* * * LOW HITPOINT WARNING * * *
There is a staircase back to the Dungeon here.
The blink frog hits you but does no damage.
The blink frog hits you.
* * * LOW HITPOINT WARNING * * *
The blink frog blinks!
The blink frog barely misses you.
You climb upwards.
Welcome back to the Dungeon!
Level annotation: 1 runed translucent door, exclusion: door, lorenzova's ghost, novice DECj
There is a staircase to the Lair here.
The blink frog hits you!
You die...

#....# ############...##
#...#....# #....#
###.....####....####
##.........####...#.##
##...........#...#....#
##...P......P.....#....#
#.......F..............#
###...P....@............## #
##...#........P..#....#.## #
##....##.........##....#..## #
####.....####.....####........###
#..........###...##.#..........#.
#.........................#.....>
#..................#......#..###.
#...PPP...PPP.................#..
#..P..P...P..P...............###.


You could see a blink frog.

Vanquished Creatures
  A hydra (D:11)
  Urug (D:10)
  Nergalle (D:10)
  2 unseen horrors (D:11)
  An orc knight (D:11)
  2 cyclopes
  Maurice (D:9)
  A troll (D:9)
  2 blink frogs (Lair:1)
  2 hippogriffs
  6 yaks
  2 wyverns (D:11)
  A basilisk (D:8)
  4 hungry ghosts
  Edmund (D:5)
  A water moccasin (D:6)
  An ice beast (D:9)
  2 necrophages
  An eye of draining (D:11)
  A phantom (D:10)
  3 ogres
  5 centaurs
  A crocodile (D:8)
  A big kobold (D:11)
  6 bullfrogs
  A scorpion (D:7)
  2 troll zombies (D:10)
  23 killer bees
  2 howler monkeys
  3 bullfrog zombies
  6 crimson imps
  A quasit (D:10)
  5 hounds
  2 bullfrog skeletons
  3 orc priests
  9 worker ants
  9 orc wizards
  A killer bee zombie (D:10)
  4 ogre zombies (D:10)
  A hound skeleton (D:8)
  A worker ant zombie (D:10)
  2 howler monkey skeletons (D:5)
  A gnoll (D:1)
  10 adders
  4 shadow imps
  2 adder skeletons
  3 worms
  3 dart slugs
  5 leopard geckos
  20 orcs
  2 ball pythons
  4 giant cockroaches
  5 goblins
  5 hobgoblins
  17 jackals
  11 kobolds
  3 quokkas
  4 bats (D:1)
  4 frilled lizards
  2 goblin skeletons
  5 goblin zombies
  2 hobgoblin skeletons (D:10)
  2 hobgoblin zombies (D:9)
  A jackal zombie (D:7)
  A kobold skeleton (D:9)
  2 kobold zombies (D:9)
  4 orc skeletons
  11 orc zombies (D:10)
  9 rats
267 creatures vanquished.

Notes
Turn   | Place    | Note
-------+----------+-------------------------------------------
     0 | D:1      | charpy the Draconian Air Elementalist began the quest for
                  | the Orb.
     0 | D:1      | Reached XP level 1. HP: 14/14 MP: 3/3
   354 | D:1      | Reached XP level 2. HP: 22/22 MP: 1/5
   808 | D:1      | Reached skill level 1 in Fighting
   916 | D:1      | Reached XP level 3. HP: 28/28 MP: 0/6
  1239 | D:1      | Learned a level 2 spell: Swiftness
  1409 | D:2      | Learned a level 3 spell: Static Discharge
  2230 | D:2      | Noticed a moth of wrath
  2233 | D:2      | Found a bloodstained altar of Trog.
  2530 | D:2      | Reached XP level 4. HP: 33/35 MP: 1/7
  3504 | D:3      | Reached XP level 5. HP: 40/40 MP: 5/9
  3845 | D:4      | Found an opulent altar of Gozag.
  4008 | D:4      | Noticed a centaur
  4023 | D:4      | Killed a centaur
  4201 | D:4      | Found a blossoming altar of Fedhas.
  4680 | D:5      | Entered Level 5 of the Dungeon
  4751 | D:5      | Reached XP level 6. HP: 43/48 MP: 7/11
  5087 | D:5      | Noticed Edmund
  5101 | D:5      | Killed Edmund
  5101 | D:5      | Reached skill level 5 in Air Magic
  5101 | D:5      | Your scales start taking on an icy white colour.
  5101 | D:5      | Reached XP level 7. HP: 42/55 MP: 5/13
  5101 | D:5      | Gained mutation: Your flesh is cold resistant. (rC+) [White
                  | Draconian growth]
  5116 | D:5      | Learned a level 4 spell: Airstrike
  6076 | D:5      | Reached skill level 1 in Maces & Flails
  6265 | D:6      | Found a radiant altar of Vehumet.
  6275 | D:6      | Became a worshipper of Vehumet
  6373 | D:6      | Identified the Volume of Poisonous Clay
  6381 | D:6      | Learned a level 5 spell: Lightning Bolt
  6676 | D:6      | Reached XP level 8. HP: 61/61 MP: 1/15
  6895 | D:6      | Found a basalt altar of Yredelemnul.
  6895 | D:6      | Found a stormy altar of Qazlal.
  6967 | D:6      | Reached skill level 5 in Spellcasting
  6967 | D:6      | Reached skill level 5 in Conjurations
  7169 | D:6      | Found a sparkling altar of Nemelex Xobeh.
  7308 | D:6      | Found a burning altar of Makhleb.
  7673 | D:7      | Found a staircase to the Ecumenical Temple.
  7680 | Temple   | Entered the Ecumenical Temple
  7909 | D:7      | Found Guymug's General Store.
  7917 | D:7      | Bought a potion of heal wounds for 65 gold pieces
  7949 | D:7      | Reached * piety under Vehumet
  7949 | D:7      | Offered knowledge of Freeze by Vehumet.
  8512 | D:8      | Noticed a cyclops
  8696 | D:8      | Killed a cyclops
  8920 | D:8      | Reached XP level 9. HP: 65/67 MP: 10/18
  9171 | D:8      | Found a runed translucent door.
  9172 | D:8      | Noticed a centaur warrior
  9172 | D:8      | Noticed lorenzova's ghost (novice DECj)
  9207 | D:8      | You fall into a shaft and drop 3 floors!
  9403 | D:11     | Noticed a four-headed hydra
  9583 | D:11     | Noticed a cyclops
  9657 | D:11     | Killed an unseen horror
  9869 | D:11     | Noticed an orc knight
 10293 | D:10     | Entered Level 10 of the Dungeon
 10293 | D:10     | Noticed Urug
 10319 | D:10     | Killed Urug
 10319 | D:10     | Reached XP level 10. HP: 65/73 MP: 0/21
 10392 | D:10     | Learned a level 1 spell: Freeze
 10544 | D:9      | Found a shimmering altar of Xom.
 10588 | D:9      | Reached skill level 1 in Ice Magic
 10921 | D:9      | Learned a level 3 spell: Mephitic Cloud
 11110 | D:9      | Found a shattered altar of Ashenzari.
 11123 | D:9      | Found a glowing golden altar of the Shining One.
 11128 | D:9      | Offered knowledge of Magic Dart by Vehumet.
 11129 | D:9      | Reached ** piety under Vehumet
 11301 | D:9      | Reached skill level 1 in Poison Magic
 11849 | D:8      | Reached skill level 5 in Ice Magic
 12009 | D:8      | Found a staircase to the Lair.
 12449 | D:9      | Noticed Maurice
 12458 | D:9      | Killed Maurice
 12913 | D:9      | Found Lulogg's Food Boutique.
 13528 | D:10     | Offered knowledge of Searing Ray by Vehumet.
 13735 | D:10     | Reached *** piety under Vehumet
 13929 | D:10     | Found a hazy altar of Hepliaklqana.
 14013 | D:10     | Offered knowledge of Inner Flame by Vehumet.
 14475 | D:10     | Found a staircase to the Orcish Mines.
 14510 | D:10     | Noticed Nergalle
 14517 | D:10     | Killed Nergalle
 14517 | D:10     | Reached XP level 11. HP: 71/79 MP: 0/23
 15066 | D:10     | Reached skill level 1 in Evocations
 15833 | D:11     | Killed an orc knight
 16036 | D:11     | Killed a four-headed hydra
 16348 | D:11     | Noticed an unseen horror
 16355 | D:11     | Killed an unseen horror
 16593 | Lair:1   | Entered Level 1 of the Lair of Beasts
 16753 | D:8      | Slain by a blink frog

Illustrated notes

Levels and vault maps discovered:
D:1:      dpeg_arrival_shelter, layout_basic
D:2:      layout_basic, tgw_trog
D:3:      layout_loops_corners, first_ration
D:4:      layout_loops_cross, grunt_gozag_statues, fedhas_bush_and_centaur_altar
D:5:      layout_basic, kennysheep_minor_cross, kennysheep_generic_room_12,
          uniq_edmund
D:6:      layout_rooms, kennysheep_mini, nemelex_altar_shiori,
          fiery_altar_vehumet, grunt_temple_overflow_open, serial_corexii_hall,
          corexii_hall_statues_s, corexii_hall_statues_x
D:7:      layout_loops_corners, minmay_temple_entry_arrows, serial_shops,
          shop_fountains, grunt_ogre_cave
D:8:      layout_cave_pools, david_lair_generic, serial_park,
          serial_park_square2, serial_park_square3
          [serial_park_minivault_5x5_6], ebering_ghost_inner_flame,
          corner_web_ring
D:9:      layout_basic, old_standard_altar, ashenzari_altar_1,
          nicolae_tso_besieged_by_evil, serial_shops, kennysheep_little_box,
          chequers_serial_rivers_small_3, uniq_maurice
D:10:     layout_gridville, zombieorc1_lemuel, basic_altar,
          chequers_serial_rivers_micro_c, uniq_urug, uniq_nergalle
D:11:     minmay_chambers_of_sixes, layout_irregular_city
Temple:   nicolae_temple_x_marks_the_god
Lair:1:   layout_chaotic_city, infiniplex_staircase_pool_2

Skill      XL: |  1  2  3  4  5  6  7  8  9 10 11 |
---------------+----------------------------------+-----
Stealth        | 2 3 |  3.0
Fighting       | 1 2 3 |  3.9
Dodging        | 2 3 |  3.0
Conjurations   | 2 3 4 6 8 9 |  9.0
Spellcasting   | 3 4 6 7 8 |  8.7
Air Magic      | 4 5 7 8 9 |  9.7
Maces & Flails | 2 3 |  3.4
Ice Magic      | 6 |  6.0
Poison Magic   | 4 |  4.0
Evocations     | 2 |  2.7

Action                   |  1- 3 |  4- 6 |  7- 9 | 10-12 || total
-------------------------+-------+-------+-------+-------++-------
Melee: Unarmed           |     7 |       |       |       ||     7
       Club              |    10 |       |       |       ||    10
       Tailslap          |     1 |     2 |       |     8 ||    11
       Dagger            |       |    20 |       |       ||    20
       Short sword       |       |    23 |       |       ||    23
       Flail             |       |       |    20 |    31 ||    51
Throw: Javelin           |     9 |       |       |       ||     9
       Dart              |    21 |     9 |     1 |    11 ||    42
 Cast: Shock             |    86 |    83 |    98 |   105 ||   372
       Static Discharge  |       |     2 |     9 |    15 ||    26
       Airstrike         |       |       |    57 |   147 ||   204
       Mephitic Cloud    |       |       |       |     4 ||     4
 Abil: Breathe Frost     |       |       |     4 |     5 ||     9
Evoke: Wand              |       |       |       |     1 ||     1
  Use: Scroll            |     3 |     4 |     2 |     6 ||    15
       Potion            |       |       |       |     2 ||     2
  Eat: Chunk             |     6 |     8 |    20 |    18 ||    52
       Ration            |       |       |     1 |     3 ||     4
Armor: Skin              |    15 |    28 |    16 |    32 ||    91
Dodge: Dodged            |    24 |    39 |    30 |    42 ||   135
